 Dungeon Crawl Stone Soup version 0.30-a0-672-gc3a7216ad8 (webtiles) character file.

Game seed: 6455702077762448030

151 HoaS the Shooter (level 5, -6/38 HPs)
             Began as a Formicid Hunter on Jan 18, 2023.
             Mangled by Blork the orc
             ... wielding a +0 trident
              (7 damage)
             ... on level 4 of the Dungeon.
             The game lasted 00:06:31 (3171 turns).

HoaS the Shooter (Formicid Hunter)                  Turns: 3171, Time: 00:06:31

Health: -6/38      AC:  4    Str: 15    XL:     5   Next: 60%
Magic:  5/5        EV: 12    Int:  9    God:
Gold:   192        SH:  0    Dex: 19    Spells: 4/4 levels left

rFire   . . .      SeeInvis +    a - +1 shortbow
rCold   . . .      Faith    .    (no shield)
rNeg    . . .      Spirit   .    c - +0 leather armour
rPois   .          Reflect  .    (helmet unavailable)
rElec   .          Harm     .    i - +0 cloak
rCorr   .          Rampage  .    (no gloves)
Will    .....                    (no boots)
Stlth   ++                       (no amulet)
HPRegen 0.26/turn                (no ring)
MPRegen 0.09/turn                (no ring)

@: no status effects
A: permanent stasis, dig shafts and tunnels, antennae 3, four strong arms
a: Dig, Shaft Self


You were on level 4 of the Dungeon.
You visited 1 branch of the dungeon, and saw 4 of its levels.

You collected 192 gold pieces.

Inventory:

Hand Weapons
 a - a +1 shortbow (weapon)
Armour
 c - a +0 leather armour (worn)
 i - a +0 cloak (worn)
Wands
 l - a wand of iceblast (8)
Scrolls
 b - a scroll of immolation
 n - a scroll of fog
Potions
 d - 3 potions of curing
 e - a potion of resistance {unknown}
 f - a potion of cancellation {unknown}
 g - a potion of haste {unknown}
 h - 2 potions of attraction {unknown}
 j - a potion of ambrosia {unknown}
 k - a potion of magic {unknown}
 m - a potion of mutation {unknown}
 o - a potion of lignification {unknown}


   Skills:
 - Level 2.1 Fighting
 + Level 6.4 Ranged Weapons
 - Level 1.7 Dodging
 - Level 1.2 Stealth


You had 4 spell levels left.
You didn't know any spells.
Your spell library contained the following spells:

 Spells                   Type           Power      Damage    Failure   Level
 Sting                    Tmut/Pois      0%         1d3       45%         1
 Cigotuvi's Dreadful Rot  Necr/Pois/Air  0%         N/A       58%         2
 Poisonous Vapours        Pois/Air       0%         N/A       58%         2
 Mephitic Cloud           Conj/Pois/Air  0%         N/A       83%         3
 Ozocubu's Armour         Ice            0%         N/A       83%         3
 Airstrike                Air            0%         2d(0-16)  99%         4
 Olgreb's Toxic Radiance  Pois           0%         N/A       99%         4
 Summon Lightning Spire   Summ/Air       0%         N/A       99%         4
 Lightning Bolt           Conj/Air       0%         1d11      100%        5
 Ozocubu's Refrigeration  Ice            0%         4d7       100%        7


Dungeon Overview and Level Annotations

Branches:
Dungeon (4/15)             Temple (0/1) D:4

Altars:

Shops:
D:1 [   D:4 =

Annotations:
D:4 Blork the orc


Innate Abilities, Weirdness & Mutations

You cannot be hasted, slowed, berserked, paralysed or teleported.
You can dig through walls and to a lower floor.
You have a pair of large antennae on your head. (SInv)
Your four strong arms can wield two-handed weapons with a shield.


Message History

No target in view!
As you open the door, it creaks loudly!
You hear a shout!
Found 7 stones.
There is an open door here.
There is an open door here.
You now have 192 gold pieces (gained 7).
You sense a monster nearby.
Blork the orc comes into view.
He is wielding a +0 trident.
Found a staircase to the Ecumenical Temple.
Blork the orc shouts!
Blork the orc sings a few bars from the Orcish anthem.
Blork the orc casts a spell at you. The puff of flame hits you!
Blork the orc barely misses you.
You shoot an arrow. The arrow closely misses Blork the orc.
Blork the orc completely misses you.
You shoot an arrow. The arrow hits Blork the orc.
Blork the orc is lightly wounded.
Blork the orc hits you with a +0 trident.
Blork the orc hits you but does no damage.
You shoot an arrow. The arrow hits Blork the orc!
Blork the orc is moderately wounded.
Blork the orc completely misses you.
You shoot an arrow.
The arrow hits Blork the orc but does no damage.
Blork the orc is moderately wounded.
Blork the orc hits you with a +0 trident!
You shoot an arrow. The arrow hits Blork the orc.
Blork the orc is heavily wounded.
Blork the orc hits you but does no damage.
You shoot an arrow. The arrow closely misses Blork the orc.
Blork the orc gestures at you while chanting.
The puff of frost hits you. Blork the orc barely misses you.
You shoot an arrow. The arrow hits Blork the orc!
Blork the orc is severely wounded.
Blork the orc hits you with a +0 trident!
* * * LOW HITPOINT WARNING * * *
You shoot an arrow. The arrow barely misses Blork the orc.
Blork the orc hits you with a +0 trident!
You die...

#.# .# ### #.# ####.#
..# ##.## .....# #.#
##...## ###### #.#
#.....# #.# ##...##
#.######.###.### # #
#...............
#...#P###.######.###.###
..>...o@..# #.#
#...#P##### #.# # # #.#
#.# #.# #.# ###


You could see Blork the orc.

Vanquished Creatures
  9 adders
  2 worms
  3 dart slugs
  2 orcs (D:4)
  6 ball pythons
  5 endoplasms
  6 goblins
  6 hobgoblins
  8 jackals
  2 kobolds
  2 bats
  2 frilled lizards
  3 rats
  2 bushes (D:1)
58 creatures vanquished.

Vanquished Creatures (others)
  5 plants (D:1)
5 creatures vanquished.

Grand Total: 63 creatures vanquished

Notes
Turn   | Place    | Note
-------+----------+-------------------------------------------
     0 | D:1      | HoaS the Formicid Hunter began the quest for the Orb.
     0 | D:1      | Reached XP level 1. HP: 16/16 MP: 1/1
   121 | D:1      | Reached XP level 2. HP: 21/22 MP: 2/2
   378 | D:1      | Found Raixkus's Antique Armour Boutique.
   420 | D:1      | Reached XP level 3. HP: 24/27 MP: 3/3
   758 | D:1      | Reached skill level 5 in Ranged Weapons
  1573 | D:2      | Reached XP level 4. HP: 33/33 MP: 4/4
  2142 | D:2      | Reached skill level 6 in Ranged Weapons
  2142 | D:2      | Reached XP level 5. HP: 38/38 MP: 5/5
  2781 | D:4      | Found Dana Lam's Jewellery Shoppe.
  3161 | D:4      | Found a staircase to the Ecumenical Temple.
  3161 | D:4      | Noticed Blork the orc
  3170 | D:4      | HP: 1/38 [Blork the orc/+0 trident (12)]
  3171 | D:4      | Mangled by Blork the orc

Illustrated notes

Levels and vault maps discovered:
D:1:      heliophobic_arrival_battle_scene, layout_basic, serial_shops,
          nicolae_shop_trees, serial_forest, infiniplex_forest_end_2,
          infiniplex_forest_clump_small, infiniplex_forest_straight_4,
          infiniplex_forest_zigzag_1, infiniplex_forest_clump_double,
          infiniplex_forest_end_3, infiniplex_forest_lined_room_2
D:2:      layout_loops_corners
D:3:      layout_loops_cross
D:4:      layout_loops_corners, minmay_temple_entry_gardened_gates,
          serial_shops, shop, shop, uniq_blork_the_orc

Skill      XL: |  1  2  3  4 |
---------------+-------------+-----
Ranged Weapons | 5 6 |  6.4
Fighting       | |  2.1
Dodging        | |  1.7
Stealth        | |  1.2

Action                   |  1- 3 |  4- 6 || total
-------------------------+-------+-------++-------
 Fire: Shortbow          |   175 |    87 ||   262
  Use: Scroll            |     2 |     5 ||     7
Armor: Leather armour    |     7 |     8 ||    15
Dodge: Dodged            |    17 |    19 ||    36

Table legend: (Time is in decaauts)
 A = Elapsed time spent in this place.
 B = Non-inter-level travel time spent in this place.
 C = Inter-level travel time spent in this place.
 D = Time resting spent in this place.
 E = Time spent auto-exploring this place.
 F = Levels seen in this place.
 G = Mean time per level.
                   A        B        C        D        E       F      G
               +--------+--------+--------+--------+--------+-----+--------+
         Total |   3243 |   3073 |    170 |     73 |   2412 |   4 |  810.8 |
       Dungeon |   3243 |   3073 |    170 |     73 |   2412 |   4 |  810.8 |
               +--------+--------+--------+--------+--------+-----+--------+

Top non-repeatable levels by time:
     D:1: 1398 daAuts
     D:2: 909 daAuts
     D:3: 531 daAuts
     D:4: 404 daAuts
